 Dungeon Crawl Stone Soup version 0.19-a0-379-ge33ada3 (webtiles) character file.

122 Arkorax the Skirmisher (level 4, 0/41 HPs)
             Began as a Draconian Wanderer on May 30, 2016.
             Killed from afar by an orc wizard (11 damage)
             ... with a puff of flame
             ... on level 3 of the Dungeon.
             The game lasted 00:02:49 (2396 turns).

Arkorax the Skirmisher (Draconian Wanderer)         Turns: 2396, Time: 00:02:50

Health: 0/41       AC:  5    Str: 14    XL:     4   Next: 78%
Magic:  4/4        EV:  8    Int: 11    God:
Gold:   107        SH:  8    Dex: 13    Spells: 0 memorised, 3 levels left

rFire  . . .     SeeInvis .     i - +0 spear
rCold  . . .     Gourm    .     (armour unavailable)
rNeg   . . .     Faith    .     a - +0 shield
rPois  .         Spirit   .     (helmet restricted)
rElec  .         Dismiss  .     (no cloak)
rCorr  .         Reflect  .     (no gloves)
SustAt .         Harm     .     (no boots)
MR     +....                    m - amulet of inaccuracy (curse)
Stlth  ++........               (no ring)
                                j - ring of protection from magic

@: very slightly contaminated, somewhat resistant to hostile enchantments,
unstealthy
A: unfitting armour, cold-blooded, AC +5
a: no special abilities


You were on level 3 of the Dungeon.
You were not hungry.

You visited 1 branch of the dungeon, and saw 3 of its levels.

You collected 107 gold pieces.

Inventory:

Hand Weapons
 b - a +0 short sword
 i - a +0 spear (weapon)
Missiles
 n - 4 tomahawks (quivered)
Armour
 a - a +0 shield (worn)
Jewellery
 j - a ring of protection from magic (left hand)
 m - a cursed amulet of inaccuracy (around neck)
Scrolls
 c - 3 scrolls of teleportation
 h - a scroll of blinking
Potions
 k - a potion of degeneration {unknown}
Comestibles
 d - a bread ration
 f - a beef jerky


   Skills:
 * Level 4.9 Fighting
 - Level 2.7 Short Blades
   Level 2.0(2.4) Axes
 * Level 2.0(2.4) Polearms
 - Level 1.0 Stealth
 + Level 2.3 Shields


You had 3 spell levels left.
You didn't know any spells.

Dungeon Overview and Level Annotations

Branches:
Dungeon (3/15)

Altars:
Cheibriados
Makhleb
Zin

Annotations:
D:3 P0WERM0DE's ghost, amateur DsAE


Innate Abilities, Weirdness & Mutations

Your plain brown scales are hard (AC +5).
Your body does not fit into most forms of armour.
You are cold-blooded and may be slowed by cold attacks.


Message History

The orc wizard points at you and mumbles some strange words.
The puff of frost misses you. The orc wizard casts a spell at you.
The magic dart hits you!
You hit the orc wizard.
The orc wizard is heavily wounded.
The orc wizard miscasts a cantrip.
You closely miss the orc wizard.
The orc wizard is heavily wounded.
The orc wizard barely misses you. The orc wizard hits you with a dagger.
* * * LOW HITPOINT WARNING * * *
You are too injured to fight recklessly!
You are too injured to fight recklessly!
Blink to where?
Press: ? - help, Dir - move target cursor You are very lightly contaminated with residual magic.
As you read the scroll of blinking, it crumbles to dust.
The orc wizard points at you and mumbles some strange words.
The puff of flame hits you!
You die...

.# #.##[..####.##..#
#..#.# # ##.## #o##..##
#..#.# #.#####.##...#
#....# #....##.##...#
####.# ####.##.##...# #<#
#.##.##...# #####†#
#.##.##)..###...[.#
#.######.##.##...........#
#.....(...@......###.###.#
#######...##.#.####.#.##.#
#<###.#...###.###.#.# #.#
#...###.## ##..# ...
#...##.## ##.# ###
#.......## ##.##
#.#..####.###.## #.......#
##.#.## #######.# ##.##


You could see an orc wizard.

Vanquished Creatures
  Ijyb (D:2)
  2 adders
  An ooze (D:2)
  2 worms (D:3)
  2 dart slugs
  3 giant geckos
  An orc (D:3)
  2 giant cockroaches
  11 goblins
  12 hobgoblins
  A quokka (D:2)
  3 bats (D:2)
  3 giant newts
  6 kobolds
  9 rats
59 creatures vanquished.

Notes
Turn   | Place    | Note
--------------------------------------------------------------
     0 | D:1      | Arkorax the Draconian Wanderer began the quest for the Orb.
     0 | D:1      | Arkorax set off with: a +0 shield, a +0 short sword, a scroll of teleportation, a bread ration
     0 | D:1      | Reached XP level 1. HP: 19/19 MP: 1/1
   245 | D:1      | Reached XP level 2. HP: 27/27 MP: 2/2
   410 | D:1      | Reached skill level 4 in Fighting
   510 | D:1      | Reached XP level 3. HP: 29/33 MP: 3/3
   739 | D:2      | You fall through a shaft!
   873 | D:3      | Noticed P0WERM0DE's ghost (amateur DsAE)
   901 | D:2      | Reached skill level 1 in Polearms
  1150 | D:2      | Noticed Ijyb
  1179 | D:2      | Killed Ijyb
  1179 | D:2      | Reached XP level 4. HP: 20/41 MP: 4/4
  1599 | D:2      | Found a glowing silver altar of Zin.
  1747 | D:2      | Found a burning altar of Makhleb.
  1748 | D:2      | Noticed a blizzard demon
  1748 | D:2      | Noticed an angel
  1954 | D:2      | Found a snail-covered altar of Cheibriados.
  2396 | D:3      | Killed from afar by an orc wizard

Vault maps used:
D:1:      scummos_arrival_simple_crosswalls
D:2:      grunt_temple_overflow_order_and_chaos_2,
          lemuel_coloured_pillars_altar, uniq_iyjb
D:3:      first_bread

Skill      XL: |  1  2  3  4 |
---------------+-------------+-----
Fighting       | 4 |  4.9
Polearms       | 1 2 |  2.0
Short Blades   | |  2.7
Axes           | |  2.0
Stealth        | |  1.0
Shields        | |  2.3

Action                   |  1- 3 |  4- 6 || total
-------------------------+-------+-------++-------
Melee: Short sword       |    74 |       ||    74
       Tailslap          |    14 |     6 ||    20
       Spear             |    99 |    79 ||   178
  Use: Scroll            |       |     4 ||     4
       Potion            |       |     1 ||     1
 Stab: Sleeping          |     4 |     1 ||     5
  Eat: Chunk             |     1 |     4 ||     5
Armor: Skin              |    49 |    12 ||    61
Dodge: Dodged            |    38 |    16 ||    54
Block: Shield            |    63 |    20 ||    83
